 Dungeon Crawl Stone Soup version 0.28-a0-948-gee6e0bcda6 (webtiles) character file.

Game seed: 16608524876649895673

1731 Gargoyl the Skirmisher (level 9, 0/73 HPs)
             Began as a Gnoll Abyssal Knight on Nov 30, 2021.
             Was a Priest of Lugonu.
             Slain by Joseph (4 damage)
             ... on level 7 of the Dungeon.
             The game lasted 00:05:50 (6771 turns).

Gargoyl the Skirmisher (Gnoll Abyssal Knight)       Turns: 6771, Time: 00:05:51

Health: 0/73       AC: 12    Str: 16    XL:     9   Next: 5%
Magic:  0/14       EV: 11    Int:  9    God:    Lugonu [***...]
Gold:   396        SH:  0    Dex: 13    Spells: 15/15 levels left

rFire   . . .      SeeInvis .   c - +6 dagger (venom)
rCold   . . .      Faith    .   (no shield)
rNeg    . . .      Spirit   +   j - +1 scale mail
rPois   .          Reflect  .   (no helmet)
rElec   .          Harm     .   (no cloak)
rCorr   .          Rampage  .   (no gloves)
Will    .....                   (no boots)
Stlth   +.........              f - amulet of guardian spirit
HPRegen 0.22/turn               h - +4 ring of protection
MPRegen 0.14/turn               (no ring)

@: mighty
A: fangs 1, strong nose, distributed training
a: Renounce Religion, Depart the Abyss, Bend Space, Banish


You were on level 7 of the Dungeon.
You worshipped Lugonu.
Lugonu was most pleased with you.
You visited 1 branch of the dungeon, and saw 7 of its levels.
You visited the Abyss 1 time.

You collected 396 gold pieces.

Inventory:

Hand Weapons
 a - a +1 hand axe
 c - a +6 dagger of venom (weapon)
 o - a +0 war axe
Missiles
 g - 39 poisoned darts (quivered)
Armour
 j - a +1 scale mail (worn)
Jewellery
 f - an amulet of guardian spirit (around neck)
 h - a +4 ring of protection (left hand)
Wands
 b - a wand of flame (14)
 m - a wand of iceblast (24)
 p - a wand of mindburst (11)
 q - a wand of paralysis (6)
 r - a wand of polymorph (8)
 s - a wand of charming (3)
Scrolls
 e - a scroll of holy word
 l - 3 scrolls of teleportation
 u - a scroll of enchant armour
Potions
 d - a potion of might
 i - 2 potions of resistance
 k - a potion of haste {unknown}
 n - a potion of heal wounds {unknown}
 t - a potion of attraction {unknown}


   Skills:
 + Level 7.6 Fighting
 + Level 3.8 Short Blades
 + Level 3.8 Long Blades
 + Level 6.0 Axes
 + Level 3.8 Maces & Flails
 + Level 3.8 Polearms
 + Level 3.8 Staves
 + Level 3.8 Slings
 + Level 3.8 Bows
 + Level 3.8 Crossbows
 + Level 3.8 Throwing
 + Level 6.0 Armour
 + Level 4.6 Dodging
 + Level 3.8 Stealth
 + Level 3.8 Shields
 + Level 3.8 Unarmed Combat
 + Level 3.8 Spellcasting
 + Level 3.1 Conjurations
 + Level 3.1 Hexes
 + Level 3.1 Summonings
 + Level 3.1 Necromancy
 + Level 3.1 Translocations
 + Level 3.1 Transmutations
 + Level 3.1 Fire Magic
 + Level 3.1 Ice Magic
 + Level 3.1 Air Magic
 + Level 3.1 Earth Magic
 + Level 3.1 Poison Magic
 + Level 6.3 Invocations
 + Level 3.8 Evocations


You had 15 spell levels left.
You didn't know any spells.
Your spell library contained the following spells:

 Spells                   Type           Power      Damage    Failure   Level
 Apportation              Tloc           14%        N/A       24%         1
 Sublimation of Blood     Necr           7%         N/A       36%         2
 Petrify                  Tmut/Erth      7%         N/A       94%         4
 Alistair's Intoxication  Tmut/Pois      4%         N/A       100%        5
 Irradiate                Conj/Tmut      3%         3d14      100%        5


Dungeon Overview and Level Annotations

Branches:
Dungeon (7/15)             Temple (0/1) D:4

Altars:
Ashenzari
Wu Jian

Annotations:
D:7 Joseph


Innate Abilities, Weirdness & Mutations

You have very sharp teeth.
Your uncanny sense of smell can sniff out nearby items.
Your experience applies equally to all skills.


Message History

Joseph is lightly wounded.
Joseph hits you with a +0 quarterstaff!
You hit Joseph.
Joseph is lightly wounded.
Joseph hits you with a +0 quarterstaff.
You hit Joseph but do no damage.
Joseph looks even sicker.
Joseph is lightly wounded.
Joseph barely misses you.
You hit Joseph.
Joseph looks as sick as possible!
Joseph is lightly wounded.
Joseph hits you with a +0 quarterstaff.
You puncture Joseph!
Joseph looks as sick as possible!
Joseph is moderately wounded.
You hit Joseph.
Joseph looks as sick as possible!
Joseph is moderately wounded.
Joseph hits you with a +0 quarterstaff!
You barely miss Joseph. You bite Joseph, but do no damage.
Joseph is moderately wounded.
Joseph barely misses you.
You completely miss Joseph.
Joseph is moderately wounded.
Joseph hits you with a +0 quarterstaff!!
You barely miss Joseph.
Joseph is heavily wounded.
Joseph hits you with a +0 quarterstaff.
* * * LOW HITPOINT WARNING * * *
You puncture Joseph!
Joseph looks as sick as possible!
Joseph is heavily wounded.
You hit Joseph.
Joseph looks as sick as possible!
Joseph is severely wounded.
Joseph hits you with a +0 quarterstaff.
* * * LOW HITPOINT WARNING * * *
Unknown command.
You feel very mighty all of a sudden. Joseph hits you with a +0 quarterstaff!
* * * LOW HITPOINT WARNING * * *
You puncture Joseph!
Joseph looks as sick as possible!
Joseph is almost dead.
Joseph hits you with a +0 quarterstaff.
You die...

....###.###.# ##+## .#
#.# #.# #.# ## #.# #.#
#.# ....###.###.#
##.####### #.........#
##...##...# #####.#######
#.....#...## ##.##
##.#####..........
##...###@................
#.......@.######.#.......
##...###### #.###...##
##.## #.# #...# ### #.#
##### #.# #.# #.######
####.#....#
########.........###


You could see Joseph (extremely poisoned).

Vanquished Creatures
  Pikel (D:6)
  Sigmund (D:5)
  A black bear (D:6)
  A hornet zombie (D:7)
  A necrophage (D:6)
  2 ogres
  2 lemures (D:6)
  2 scorpions (D:4)
  A water moccasin zombie (D:5)
  2 centaur zombies
  2 orc priests (D:3)
  A hound (D:4)
  A centaur skeleton (D:5)
  Ijyb (D:3)
  2 iguanas (D:5)
  An orc wizard (D:7)
  A hound zombie (D:5)
  3 hound skeletons
  6 adders
  A white imp (D:4)
  An ufetubus (D:5)
  A worm (D:2)
  3 dart slugs
  21 orcs
  5 endoplasms
  3 giant cockroaches
  8 hobgoblins
  3 jackals (D:1)
  A quokka (D:4)
  7 ball pythons
  2 bats (D:3)
  3 frilled lizards
  7 goblins
  8 kobolds
  3 rats
109 creatures vanquished.

Vanquished Creatures (collateral kills)
  An orc priest (D:4)
1 creature vanquished.

Grand Total: 110 creatures vanquished

Notes
Turn   | Place    | Note
-------+----------+-------------------------------------------
     0 | Abyss:1  | Gargoyl the Gnoll Abyssal Knight began the quest for the
                  | Orb.
     0 | Abyss:1  | Reached XP level 1. HP: 23/23 MP: 3/3
    51 | Abyss:2  | Found a corrupted altar of Lugonu.
    97 | Abyss:2  | Noticed a small abomination
   112 | D:1      | Escaped the Abyss
   422 | D:1      | Found a faded altar of an unknown god.
   465 | D:1      | Reached * piety under Lugonu
   473 | D:1      | Reached XP level 2. HP: 26/29 MP: 5/5
   845 | D:1      | Found a broken altar of Ashenzari.
  1034 | D:2      | Reached XP level 3. HP: 27/35 MP: 3/6
  1513 | D:2      | Reached skill level 1 in Short Blades
  1513 | D:2      | Reached skill level 1 in Long Blades
  1513 | D:2      | Reached skill level 1 in Maces & Flails
  1513 | D:2      | Reached skill level 1 in Polearms
  1513 | D:2      | Reached skill level 1 in Staves
  1513 | D:2      | Reached skill level 1 in Slings
  1513 | D:2      | Reached skill level 1 in Bows
  1513 | D:2      | Reached skill level 1 in Crossbows
  1513 | D:2      | Reached skill level 1 in Throwing
  1513 | D:2      | Reached skill level 1 in Stealth
  1513 | D:2      | Reached skill level 1 in Shields
  1513 | D:2      | Reached skill level 1 in Unarmed Combat
  1513 | D:2      | Reached skill level 1 in Spellcasting
  1513 | D:2      | Reached skill level 1 in Evocations
  1625 | D:2      | Reached XP level 4. HP: 36/41 MP: 5/7
  2287 | D:2      | Reached skill level 1 in Conjurations
  2287 | D:2      | Reached skill level 1 in Hexes
  2287 | D:2      | Reached skill level 1 in Summonings
  2287 | D:2      | Reached skill level 1 in Necromancy
  2287 | D:2      | Reached skill level 1 in Translocations
  2287 | D:2      | Reached skill level 1 in Transmutations
  2287 | D:2      | Reached skill level 1 in Fire Magic
  2287 | D:2      | Reached skill level 1 in Ice Magic
  2287 | D:2      | Reached skill level 1 in Air Magic
  2287 | D:2      | Reached skill level 1 in Earth Magic
  2287 | D:2      | Reached skill level 1 in Poison Magic
  2561 | D:3      | Noticed Ijyb
  2574 | D:3      | Killed Ijyb
  2575 | D:3      | Reached XP level 5. HP: 28/47 MP: 4/8
  2700 | D:3      | Reached ** piety under Lugonu
  3182 | D:3      | Reached skill level 5 in Invocations
  3463 | D:3      | Noticed an ogre
  3470 | D:3      | Killed an ogre
  3471 | D:3      | Reached skill level 5 in Axes
  3471 | D:3      | Reached skill level 5 in Armour
  3471 | D:3      | Reached XP level 6. HP: 20/53 MP: 2/9
  3864 | D:4      | Found a staircase to the Ecumenical Temple.
  4115 | D:4      | Reached XP level 7. HP: 54/59 MP: 7/10
  4208 | D:4      | Reached *** piety under Lugonu
  4349 | D:4      | Reached skill level 7 in Fighting
  4509 | D:5      | Entered Level 5 of the Dungeon
  4648 | D:5      | Noticed Sigmund
  4669 | D:5      | Killed Sigmund
  5090 | D:5      | Reached XP level 8. HP: 67/67 MP: 12/12
  5853 | D:6      | Noticed Pikel
  5875 | D:6      | Killed Pikel
  6088 | D:6      | Found an ornate altar of the Wu Jian Council.
  6285 | D:6      | Noticed a yak
  6286 | D:6      | Noticed a yak
  6287 | D:6      | Noticed a yak
  6288 | D:6      | Noticed a yak
  6289 | D:6      | Noticed a yak
  6290 | D:6      | Noticed a yak
  6557 | D:7      | Reached XP level 9. HP: 47/73 MP: 9/14
  6754 | D:7      | Noticed Joseph
  6771 | D:7      | Slain by Joseph

Illustrated notes

Levels and vault maps discovered:
D:1:      dpeg_arrival_water_altar, layout_rooms,
          hellmonk_ecumenical_altar_zigzags, serial_glass, glass_columns_a,
          glass_columns_b
D:2:      layout_loops_ring
D:3:      layout_loops_ring, uniq_ijyb
D:4:      layout_loops_ring, minmay_temple_entry_proselytizer
D:5:      layout_basic, uniq_sigmund
D:6:      layout_loops_ring, amcnicky_altar_gilded, minmay_manual_monstrance,
          uniq_pikel
D:7:      layout_loops_corners, minmay_manual_mail, uniq_joseph

Skill      XL: |  1  2  3  4  5  6  7  8 |
---------------+-------------------------+-----
Short Blades   | 1 2 3 |  3.8
Long Blades    | 1 2 3 |  3.8
Maces & Flails | 1 2 3 |  3.8
Polearms       | 1 2 3 |  3.8
Staves         | 1 2 3 |  3.8
Slings         | 1 2 3 |  3.8
Bows           | 1 2 3 |  3.8
Crossbows      | 1 2 3 |  3.8
Throwing       | 1 2 3 |  3.8
Stealth        | 1 2 3 |  3.8
Shields        | 1 2 3 |  3.8
Unarmed Combat | 1 2 3 |  3.8
Spellcasting   | 1 2 3 |  3.8
Evocations     | 1 2 3 |  3.8
Conjurations   | 1 2 3 |  3.1
Hexes          | 1 2 3 |  3.1
Summonings     | 1 2 3 |  3.1
Necromancy     | 1 2 3 |  3.1
Translocations | 1 2 3 |  3.1
Transmutations | 1 2 3 |  3.1
Fire Magic     | 1 2 3 |  3.1
Ice Magic      | 1 2 3 |  3.1
Air Magic      | 1 2 3 |  3.1
Earth Magic    | 1 2 3 |  3.1
Poison Magic   | 1 2 3 |  3.1
Dodging        | 3 4 |  4.6
Invocations    | 5 6 |  6.3
Axes           | 5 6 |  6.0
Armour         | 5 6 |  6.0
Fighting       | 7 |  7.6

Action                   |  1- 3 |  4- 6 |  7- 9 || total
-------------------------+-------+-------+-------++-------
Melee: Dagger            |    63 |   154 |   205 ||   422
       Bite              |     5 |     9 |    23 ||    37
       Punch             |       |     1 |     1 ||     2
Invok: Depart the Abyss  |     1 |       |       ||     1
  Use: Scroll            |     1 |     6 |     4 ||    11
       Potion            |       |       |     3 ||     3
 Stab: Sleeping          |       |     1 |       ||     1
Armor: Leather armour    |    12 |     5 |       ||    17
       Scale mail        |       |    48 |    95 ||   143
       Skin              |       |       |     8 ||     8
Dodge: Dodged            |    36 |    72 |    95 ||   203

Table legend: (Time is in decaauts)
 A = Elapsed time spent in this place.
 B = Non-inter-level travel time spent in this place.
 C = Inter-level travel time spent in this place.
 D = Time resting spent in this place.
 E = Time spent auto-exploring this place.
 F = Levels seen in this place.
 G = Mean time per level.
                   A        B        C        D        E       F      G
               +--------+--------+--------+--------+--------+-----+--------+
         Total |   6730 |   6654 |     76 |    555 |   4975 |   9 |  747.8 |
       Dungeon |   6617 |   6541 |     76 |    555 |   4896 |   7 |  945.3 |
         Abyss |    113 |    113 |      0 |      0 |     79 |   2 |   56.5 |
               +--------+--------+--------+--------+--------+-----+--------+

Top non-repeatable levels by time:
     D:2: 1386 daAuts
     D:5: 1310 daAuts
     D:3: 1266 daAuts
     D:1: 1047 daAuts
     D:4: 684 daAuts
     D:6: 471 daAuts
     D:7: 451 daAuts
 Abyss:2: 60 daAuts
 Abyss:1: 52 daAuts
